 Dungeon Crawl Stone Soup version 0.29-a0-721-g7f417c9bbb (webtiles) character file.

Game seed: 4287297282960815219

2156 negitausen the Basher (level 9, -4/78 HPs)
             Began as a Minotaur Berserker on June 27, 2022.
             Was an Elder of Trog.
             Slain by a killer bee (6 damage)
             ... on level 7 of the Dungeon.
             The game lasted 00:28:04 (5097 turns).

negitausen the Basher (Minotaur Berserker)          Turns: 5097, Time: 00:28:04

Health: -4/78      AC: 12    Str: 26    XL:     9   Next: 10%
Magic:  8/8        EV:  9    Int:  4    God:    Trog [****..]
Gold:   262        SH:  0    Dex: 10    Spells: 8/8 levels left

rFire   . . .      SeeInvis .   y - +2 dire flail (venom)
rCold   + + .      Faith    +   (shield currently unavailable)
rNeg    + . .      Spirit   .   B - +0 chain mail
rPois   .          Reflect  .   (helmet restricted)
rElec   .          Harm     .   q - scarf {repulsion}
rCorr   +          Rampage  .   j - +0 pair of gloves
Will    ++...                   (no boots)
Stlth   ..........              p - amulet "Voelarr" {Faith rC++ rN+ rCorr Stlth-}
HPRegen 1.23/turn               K - ring of flight
MPRegen 0.11/turn               t - +4 ring of slaying

@: lethally poisoned (-4 -> -7), strong-willed, flying, mesmerised,
regenerating, studying Maces & Flails, repel missiles
A: horns 2, retaliatory headbutt
a: Renounce Religion, Berserk, Trog's Hand, Brothers in Arms


You were on level 7 of the Dungeon.
You worshipped Trog.
Trog was greatly pleased with you.
You visited 1 branch of the dungeon, and saw 7 of its levels.
You also visited: Sewer and Ossuary.

You collected 262 gold pieces.

Inventory:

Hand Weapons
 x - a +2 vorpal flail
 y - a +2 dire flail of venom (weapon)
Missiles
 c - a throwing net (quivered)
Armour
 a - a +0 scale mail
 j - a +0 pair of gloves (worn)
 k - a +0 leather armour
 l - a +0 buckler
 q - a scarf of repulsion (worn)
 B - a +0 chain mail (worn)
Jewellery
 g - a ring of protection from cold
 h - a ring of fire
 p - the amulet "Voelarr" (around neck) {Faith rC++ rN+ rCorr Stlth-}
   (You acquired it on level 6 of the Dungeon)

   [amulet of faith]

   It allows you to gain divine favour quickly.
   rC:        It greatly protects you from cold.
   rN:        It protects you from negative energy.
   rCorr:     It protects you from acid and corrosion.
   Stlth:     It makes you less stealthy.
 t - a +4 ring of slaying (right hand)
 C - an amulet of reflection
 G - an amulet of the acrobat
 K - a ring of flight (left hand)
Wands
 D - a wand of digging (4)
 E - a wand of acid (6)
Scrolls
 n - 5 scrolls of enchant armour
 u - 3 scrolls of fear
 v - 5 scrolls of teleportation
 w - 4 scrolls of enchant weapon
 I - a scroll of acquirement
Potions
 b - a potion of heal wounds {unknown}
 d - 2 potions of ambrosia {unknown}
 e - 5 potions of curing
 f - 2 potions of flight {unknown}
 i - 3 potions of degeneration
 m - 2 potions of brilliance {unknown}
 o - a potion of berserk rage {unknown}
 r - 3 potions of haste {unknown}
 s - 5 potions of lignification {unknown}
 z - 4 potions of attraction {unknown}
 A - a potion of mutation {unknown}
 F - a potion of magic {unknown}
 H - a potion of might {unknown}
 J - a potion of invisibility {unknown}


   Skills:
 + Level 6.7 Fighting
 + Level 12.5 Maces & Flails
 * Level 8.0 Armour
 + Level 3.3 Dodging
 - Level 2.5 Shields


You had 8 spell levels left.
You didn't know any spells.
Your spell library was empty.

Dungeon Overview and Level Annotations

Branches:
Dungeon (7/15)             Temple (0/1) D:5           Sewer (visited)
Ossuary (visited)

Altars:
Dithmenos
Uskayaw
Beogh

Shops:
D:1 *   D:4 [

Annotations:
D:7 Maggie


Innate Abilities, Weirdness & Mutations

You have a pair of horns on your head.
You reflexively headbutt those who attack you in melee.


Message History

You are poisoned.
The killer bee poisons you!
The centaur hits you but does no damage.
The centaur closely misses you.
You barely miss Maggie.
Maggie is moderately wounded.
You feel sick. The killer bee barely misses you.
Maggie hits you but does no damage.
The centaur hits you but does no damage.
The centaur barely misses you.
The killer bee stings you but does no damage.
You puncture Maggie!
Maggie is severely wounded.
You feel sick. The killer bee barely misses you.
The centaur hits you but does no damage.
The centaur kicks you. Maggie barely misses you.
You closely miss Maggie. You headbutt Maggie.
Maggie is severely wounded.
You feel sick.
The killer bee stings you but does no damage.
The centaur hits you.
* * * LOW HITPOINT WARNING * * *
The centaur kicks you but does no damage.
You puncture Maggie!
Maggie is almost dead.
The killer bee closely misses you. Maggie gestures at you while chanting.
The bolt of fire hits you!!
* * * LOW HITPOINT WARNING * * *
The centaur hits you but does no damage.
The centaur kicks you but does no damage.
The killer bee stings you.
* * * LOW HITPOINT WARNING * * *
You are lethally poisoned!
The killer bee poisons you!
You hit Maggie but do no damage.
Maggie is almost dead.
* * * LOW HITPOINT WARNING * * *
You feel sick. The killer bee stings you.
You die...

#####....[......
.$>.............
.......#..##.
#..#....<<#
#....#..#.#
#.......#.#
#.........#
#.#...hy..####.#
...#....@@......#
######...c..#####..
#...†......./.
######†#####.. #.#
#.# ###.###
##.....# #......#


You could see Maggie (mesmerising, poisoned), a centaur, a hound and a killer
bee.

Vanquished Creatures
  Eustachio (D:6)
  4 water moccasins
  An ice beast (D:7)
  Pargi (Sewer)
  A black bear (D:5)
  2 phantoms
  Blork the orc (D:4)
  A necrophage (D:6)
  4 water moccasin zombies (Ossuary)
  2 killer bees (D:7)
  4 hounds
  An orc priest (D:4)
  3 jellies (D:4)
  3 iguanas
  Natasha (thrice) (D:4)
  2 orc wizards (D:5)
  3 mummies
  4 gnolls (D:3)
  5 adders
  2 white imps
  2 ufetubi
  4 adder zombies (Ossuary)
  4 worms
  3 dart slugs
  15 orcs
  9 bats
  3 endoplasms
  2 giant cockroaches
  2 gnoll zombies (Ossuary)
  6 goblins
  5 hobgoblins
  10 jackals
  2 quokkas
  9 ball pythons
  4 frilled lizards
  4 hobgoblin zombies (Ossuary)
  7 kobolds
  7 kobold zombies (Ossuary)
  4 orc zombies (Ossuary)
  2 rats
152 creatures vanquished.

Notes
Turn   | Place    | Note
-------+----------+-------------------------------------------
     0 | D:1      | negitausen the Minotaur Berserker began the quest for the
                  | Orb.
     0 | D:1      | Reached XP level 1. HP: 19/19 MP: 0/0
    62 | D:1      | Reached XP level 2. HP: 18/27 MP: 1/1
    87 | D:1      | Reached skill level 4 in Maces & Flails
   232 | D:1      | Found Haahoanasm's General Store.
   332 | D:1      | Reached XP level 3. HP: 16/33 MP: 2/2
   621 | D:2      | Reached ** piety under Trog
   726 | D:2      | Found a faded altar of an unknown god.
  1191 | D:3      | Noticed a +0 falchion
  1191 | D:3      | Noticed a +0 short sword
  1191 | D:3      | Noticed a +0 falchion
  1192 | D:3      | Noticed a +0 dagger
  1192 | D:3      | Noticed a +0 spear
  1193 | D:3      | Noticed a +0 short sword
  1194 | D:3      | Noticed a +0 spear
  1194 | D:3      | Noticed a +0 dagger
  1301 | D:3      | Found a glowing drain.
  1335 | Sewer    | Entered a sewer
  1355 | Sewer    | Noticed Pargi
  1370 | Sewer    | Killed Pargi
  1371 | Sewer    | Reached skill level 5 in Maces & Flails
  1371 | Sewer    | Reached skill level 1 in Shields
  1371 | Sewer    | Reached XP level 4. HP: 20/41 MP: 3/3
  1371 | Sewer    | Reached XP level 5. HP: 23/47 MP: 4/4
  1551 | D:3      | Reached skill level 6 in Maces & Flails
  1920 | D:3      | Found a hide-covered altar of Uskayaw.
  2270 | D:4      | Reached XP level 6. HP: 51/55 MP: 5/5
  2331 | D:4      | Found Pivis's Antique Armour Boutique.
  2351 | D:4      | Reached skill level 5 in Fighting
  2456 | D:4      | Noticed Blork the orc
  2461 | D:4      | Killed Blork the orc
  2461 | D:4      | Reached *** piety under Trog
  2462 | D:4      | Reached skill level 7 in Maces & Flails
  2635 | D:4      | You fall into a shaft and drop 1 floor!
  2635 | D:5      | Entered Level 5 of the Dungeon
  2712 | D:5      | Reached XP level 7. HP: 61/61 MP: 6/6
  2860 | D:5      | Found a shadowy altar of Dithmenos.
  2898 | D:5      | Reached skill level 8 in Maces & Flails
  2950 | D:5      | Found a staircase to the Ecumenical Temple.
  3003 | D:5      | Identified 3 scrolls of acquirement
  3003 | D:5      | Acquired a manual of Maces & Flails
  3372 | D:4      | Noticed Natasha
  3582 | D:4      | Reached skill level 9 in Maces & Flails
  3585 | D:4      | Killed Natasha
  3782 | D:4      | Noticed Natasha
  3790 | D:4      | Killed Natasha
  3824 | D:4      | Noticed Natasha
  3828 | D:4      | Killed Natasha
  3866 | D:6      | Reached skill level 5 in Armour
  3901 | D:6      | Reached **** piety under Trog
  3902 | D:6      | Reached XP level 8. HP: 70/70 MP: 7/7
  4030 | D:6      | Reached skill level 10 in Maces & Flails
  4033 | D:6      | Acquired the amulet "Voelarr" {Faith rC++ rN+ rCorr Stlth-}
  4053 | D:6      | Noticed Eustachio
  4071 | D:6      | Killed Eustachio
  4075 | D:6      | Acquired a scarf of repulsion
  4373 | D:6      | Reached skill level 11 in Maces & Flails
  4789 | D:7      | Found a sand-covered staircase.
  4797 | Ossuary  | Entered an ossuary
  4860 | Ossuary  | Reached skill level 12 in Maces & Flails
  4935 | Ossuary  | Reached XP level 9. HP: 67/78 MP: 8/8
  5074 | D:7      | Noticed Maggie
  5096 | D:7      | HP: 3/78 [killer bee (1)]
  5097 | D:7      | Slain by a killer bee

Illustrated notes

Levels and vault maps discovered:
D:1:      dpeg_arrival_long_road, layout_rooms, serial_shops,
          nicolae_shop_crystal, minmay_tromino_i2
D:2:      layout_basic, hellmonk_ecumenical_altar_defaced_shrine
D:3:      layout_basic, nicolae_uskayaw_en_pointe, cheibrodos_sewer_entry_bend,
          minmay_joined_circles
D:4:      layout_cave_pools, serial_shops, shop, uniq_natasha,
          uniq_blork_the_orc
D:5:      layout_gridville, mainiacjoe_overflow_six_doors_small,
          minmay_temple_entry_fiery, minmay_misc_feat_rows, dk_noncrumbling_4
D:6:      layout_basic, minmay_misc_feat_room, serial_park_tiny_1,
          uniq_eustachio
D:7:      layout_loops_ring, gup_ossuary_entry_pyramid, uniq_pikel, uniq_maggie

Skill      XL: |  1  2  3  4  5  6  7  8  9 |
---------------+----------------------------+-----
Fighting       | 4 5 6 |  6.7
Maces & Flails | 4 5 6 7 9 12 | 12.5
Armour         | 3 5 7 8 |  8.0
Shields        | 1 2 |  2.5
Dodging        | 3 |  3.3

Action                   |  1- 3 |  4- 6 |  7- 9 || total
-------------------------+-------+-------+-------++-------
Melee: Mace              |    13 |       |       ||    13
       Headbutt          |    14 |    14 |    23 ||    51
       Punch             |     1 |       |       ||     1
       Whip              |    96 |    24 |       ||   120
       Flail             |       |    47 |     3 ||    50
       Dire flail        |       |    10 |   158 ||   168
Invok: Berserk           |     1 |     1 |       ||     2
       Trog's Hand       |       |       |     1 ||     1
  Use: Scroll            |     3 |     2 |    11 ||    16
Armor: Animal skin       |     6 |       |       ||     6
       Leather armour    |    18 |     4 |       ||    22
       Scale mail        |       |     9 |    31 ||    40
       Chain mail        |       |       |    38 ||    38
Dodge: Dodged            |    79 |    26 |    72 ||   177
Block: Buckler           |     7 |    12 |       ||    19

Table legend: (Time is in decaauts)
 A = Elapsed time spent in this place.
 B = Non-inter-level travel time spent in this place.
 C = Inter-level travel time spent in this place.
 D = Time resting spent in this place.
 E = Time spent auto-exploring this place.
 F = Levels seen in this place.
 G = Mean time per level.
                   A        B        C        D        E       F      G
               +--------+--------+--------+--------+--------+-----+--------+
         Total |   5111 |   3144 |   1967 |    436 |    345 |   9 |  567.9 |
       Dungeon |   4782 |   2815 |   1967 |    436 |    345 |   7 |  683.1 |
         Sewer |    170 |    170 |      0 |      0 |      0 |   1 |  170.0 |
       Ossuary |    158 |    158 |      0 |      0 |      0 |   1 |  158.0 |
               +--------+--------+--------+--------+--------+-----+--------+

Top non-repeatable levels by time:
     D:3: 1161 daAuts
     D:5: 950 daAuts
     D:6: 746 daAuts
     D:4: 646 daAuts
     D:2: 557 daAuts
     D:1: 419 daAuts
     D:7: 300 daAuts
   Sewer: 170 daAuts
 Ossuary: 158 daAuts
